[Event "*** Titled Tuesday Blitz"]
[Site "Chess.com"]
[Date "2021.03.02"]
[Round "5"]
[White "azikom"]
[Black "Gusarov91"]
[Result "0-1"]
[WhiteElo "2671"]
[BlackElo "2528"]
[TimeControl "180+1"]
[EndTime "10:57:06 PST"]
[Termination "Gusarov91 won on time"]

1. d4 Nf6 2. Nf3 d5 3. Bf4 c6 4.
e3 Bf5 5. c4 Bxb1 6. Qxb1 e6 7.
a3 Bd6 8. Bg3 Ne4 9. Bd3 Nxg3 10.
hxg3 h6 11. g4 dxc4 12. Bxc4 Be7 13. Ne5 Bf6 14. Qe4 Qe7 15. f4 Nd7 16. O-O-O Bxe5 17. fxe5 O-O-O 18. Kb1 Kb8 19. Bb3 Rhf8 20. Rhf1 Qg5 21.
Rf4 c5 22. Rdf1 cxd4 23. exd4 f6 24. exf6 Nxf6 25. Qxe6 Rfe8 26. Qc4 Rc8 27. Qb4 Red8 28. Ka2 Rc6 29. Qe7 Rd7 30. Qf8+ Rc8 31. Qb4 Rcd8 32.
Qc5 b6 33. Qc6 Rd6 34. Qc4 Rc8 35. Qe2 Re8 36. Qf3 Red8 37. d5 Qe5 38. Rf5 Qd4 39. g5 hxg5 40. Rxg5 Nd7 41. Rg4 Qe5 42. Re4 Qg5 43.
Re6 Nc5 44. Rxd6 Rxd6 45. Qf5 Qd8 46. Bc4 a6 47. g4 b5 48. Be2 Rxd5 49. Qf4+ Qc7 50.
Qxc7+ Kxc7 51. Rf7+ Rd7 52. Rf5 Ne6 53. Re5 Nd4 54.
Bf1 Kd6 55. Rg5 Re7 56. Rg6+ Ne6 57. Bd3 Ke5 58. Bf5 Nd4 59. Rxa6 Nxf5 60. gxf5 Kxf5 61. Ra5 Re5 62. Ra8 g5 63. Kb3 g4 64. Rg8 Kf4 65.
Kb4 Rg5 66. Rf8+ Ke3 67. Re8+ Kf3 68. Rf8+ Ke2 69. Re8+ Kd2 70. Rd8+ Kc2 71. Rc8+ Kxb2 0-1

[Event "*** Titled Tuesday Blitz"]
[Site "Chess.com"]
[Date "2021.03.02"]
[Round "5"]
[White "tusplingher"]
[Black "eCztery"]
[Result "1-0"]
[WhiteElo "2256"]
[BlackElo "2384"]
[TimeControl "180+1"]
[EndTime "10:57:09 PST"]
[Termination "tusplingher won by checkmate"]

1. e4 c5 2. d4 cxd4 3. c3 dxc3 4. Nxc3 d6 5. Bc4 e6 6. Nf3 Nc6 7. O-O Nf6 8. Qe2 e5 9. Rd1 Be7 10. b4 a6 11. b5 axb5 12. Bxb5 O-O 13. Bxc6 bxc6 14.
Nxe5 Qc7 15. Nf3 h6 16. Bf4 Bg4 17. Rac1 Qa5 18. Bxd6 Bxd6 19. Rxd6 Qa3 20. Rdd1 Rad8 21. Nb1 Qa4 22. Rxd8 Rxd8 23. Nc3 Qa3 24. Rd1 Re8 25.
Nb1 Qa4 26. h3 Rxe4 27. Rd8+ Kh7 28. Qf1 Bxf3 29. Nc3 Qa5 30. Rd3 Bh5 31. Nxe4 Nxe4 32. Re3 Nf6 33. a3 Bg6 34. Kh1 Nd5 35. Rg3 c5 36. f4 Be4 37. f5 Nf6 38. Re3 Qd2 39. Rb3 Qc2 40. Re3 c4 41. Re2 Qd3 42. Qe1 Qxh3+ 43. Kg1 Qd3 44. Re3 Qd4 45. Kh1 c3 46. Qxc3 Qd1+ 47. Re1 Qh5+ 48. Kg1 Ng4 49. Qh3 Qxf5 50.
Qg3 Qc5+ 51. Kh1 Nf2+ 52. Kh2 Qh5+ 53. Kg1 Nd3 54. Rxe4 Qc5+ 55. Qe3 Qd5 56. Rd4 Qc5 57. Qxd3+ g6 58. Kf2 Qg5 59. Qe3 Qf6+ 60. Rf4 Qb2+ 61. Kg3 Kg7 62. Qf3 Qe5 63. Kh3 Qe6+ 64. Kg3 g5 65. Rxf7+ Qxf7 66. Qxf7+ Kxf7 67. a4 Ke6 68. Kg4 Kd6 69. Kh5 Ke5 70. g4 Kf4 71. a5 Ke5 72. a6 Kd5 73. a7 Kc6 74. a8=Q+ Kb6 75. Kxh6 Kc7 76. Kxg5 Kd6 77. Kf6 Kc5 78. Qd8 Kc6 79. Ke6 Kb7 80. Qd6 Kc8 81. Qd7+ Kb8 82. Kd6 Ka8 83. Kc6 Kb8 84. Qb7# 1-0

[Event "*** Titled Tuesday Blitz"]
[Site "Chess.com"]
[Date "2021.03.02"]
[Round "5"]
[White "szachuspl"]
[Black "rquery98"]
[Result "0-1"]
[WhiteElo "2477"]
[BlackElo "2633"]
[TimeControl "180+1"]
[EndTime "10:57:12 PST"]
[Termination "rquery98 won on time"]

1. d4 Nf6 2. c4 g6 3. Nc3 d5 4. Nf3 Bg7 5. h4 c6 6. Bg5 h6 7. Bf4 Bf5 8. e3 O-O 9. Ne5 Nbd7 10. g4 Be6 11. g5 hxg5 12. hxg5 Ne4 13. cxd5 Nxc3 14. bxc3 Bxd5 15. Rh2 Nxe5 16. Bxe5 Bxe5 17.
dxe5 Kg7 18. Qd4 Qa5 19. e6+ f6 20. gxf6+ Rxf6 21. Bd3 c5 22. Qe5 Bf3 23. Kd2 Rd8 24. a4 Rd5 25. Qb8 Qd8 26. Qxd8 Rxd8 27. Kc2 Rxe6 28. Rg1 Red6 29. Bc4 Bd1+ 30. Kb2 Bxa4 31. Rhg2 Bc6 32. Rg5 b6 33. Bb3 Bd5 34. Bc2 Bf7 35. f4 Re6 36. e4 Rd2 37. Kc1 Rxc2+ 38. Kxc2 Rxe4 39. f5 Rf4 40. fxg6 Be8 41. R5g2 Rf6 42. Kd3 Bxg6+ 43. Kc4 Kf7 44. Kb5 Bd3+ 45. c4 Rf4 46. Rg4 Bxc4+ 47. Kc6 Rxg4 48. Rxg4 Be6 49. Rf4+ Ke8 50.
Kb7 b5 51. Kxa7 b4 52. Kb6 c4 53. Kc5 b3 54. Kd4 Kd7 55. Kc3 Kd6 56. Rd4+ Ke5 57. Rd8 Bd5 58. Re8 e6 59. Rd8 Kf4 60. Rf8+ Ke4 61.
Re8 e5 62. Rd8 Be6 63. Rd1 Kf4 64. Rf1+ Kg5 65. Rg1+ Kf6 66. Rf1+ Ke7 67. Rd1 e4 68.
Re1 Bd5 69. Re2 Ke6 70. Kd4 Kd6 71. Rh2 Be6 72. Kxe4 c3 73. Kd3 c2 74. Rxc2 Bf5+ 75. Kc3 bxc2 76. Kb2 Kc5 77. Kc1 Kc4 78. Kb2 Kd3 79.
Kc1 Bg6 80. Kb2 Kd2 81. Ka1 c1=Q+ 0-1

[Event "*** Titled Tuesday Blitz"]
[Site "Chess.com"]
[Date "2021.03.02"]
[Round "5"]
[White "sara_khm"]
[Black "platy3"]
[Result "1/2-1/2"]
[WhiteElo "2610"]
[BlackElo "2824"]
[TimeControl "180+1"]
[EndTime "10:57:13 PST"]
[Termination "Game drawn - insufficient material"]

1. d4 Nf6 2. c4 e6 3. Nf3 d5 4.
Nc3 c6 5. e3 Nbd7 6. Bd3 Bd6 7.
O-O O-O 8. b3 b6 9. Bb2 Bb7 10.
Qe2 Qe7 11. Rfe1 c5 12. cxd5 exd5 13. Rad1 a6 14. dxc5 bxc5 15. e4 d4 16. Na4 Rfe8 17. Nd2 Ne5 18. h3 h6 19. Nb6 Rad8 20. Nbc4 Bb8 21. Nxe5 Qxe5 22. Nf3 Qh5 23. e5 Bxf3 24. Qxf3 Qxf3 25. gxf3 Rxe5 26. Bxa6 Nd5 27. Rxe5 Bxe5 28. Rc1 Nf4 29. Bf1 Ne6 30. a4 Bf4 31. Rd1 Ng5 32.
Kg2 Ne6 33. a5 Ra8 34. a6 Nc7 35. Ra1 Ra7 36. Bc4 Bd6 37. Ra5 Kf8 38. Ba3 Ke7 39. Bxc5 Bxc5 40. Rxc5 Kd6 41. Ra5 Kc6 42. Kf1 Kb6 43. Rf5 f6 44. Ke2 Nxa6 45. Rb5+ Kc6 46. Ra5 Re7+ 47. Kd3 Nc7 48. Kxd4 Kb6 49. Ra2 Rd7+ 50.
Kc3 Re7 51. Rd2 Kc6 52. b4 Re5 53. Rd8 Rh5 54. Rg8 Rxh3 55. Rxg7 Rxf3+ 56. Kd4 Rf4+ 57. Kd3 Rxf2 58. Rg6 h5 59. Rh6 Rf5 60. Ke4 Rf2 61. Rxh5 Kd6 62. Rh1 f5+ 63. Ke3 Rb2 64. Rd1+ Ke5 65.
Rd7 Ne8 66. Re7+ Kf6 67. Rxe8 Rxb4 68. Bd3 Kg5 69. Rg8+ Kf6 70. Rf8+ Ke6 71. Rxf5 Rh4 72. Ra5 Rh3+ 73. Kd4 Rh4+ 74. Be4 Rh2 75. Ra6+ Kd7 76. Ke5 Rh5+ 77. Bf5+ Kc7 78. Rf6 Kd8 79. Kd6 Rh8 80. Rf7 Rh6+ 81. Be6 Ke8 82. Ra7 Kf8 83. Rf7+ Kg8 84. Ke7 Rh7 85. Ke8 Rxf7 86. Bxf7+ 1/2-1/2

[Event "*** Titled Tuesday Blitz"]
[Site "Chess.com"]
[Date "2021.03.02"]
[Round "5"]
[White "CSB7"]
[Black "Yaacovn"]
[Result "1-0"]
[WhiteElo "2586"]
[BlackElo "2773"]
[TimeControl "180+1"]
[EndTime "10:57:18 PST"]
[Termination "CSB7 won by checkmate"]

1. e4 c6 2. d4 d5 3. exd5 cxd5 4. Bf4 Nf6 5. c3 Nc6 6. Nd2 g6 7. Ngf3 Bg7 8. Bd3 O-O 9. O-O Nh5 10. Be3 Qc7 11. Re1 Nf4 12. Bf1 Bf5 13. Nb3 b6 14.
Ne5 Bxe5 15. dxe5 Qxe5 16. Bxb6 Be4 17. Be3 Qf6 18. f3 Nh3+ 19. Kh1 Rad8 20. fxe4 dxe4 21.
Qe2 Ng5 22. Bxg5 Qxg5 23. Qxe4 Rd6 24. Qe3 Qh4 25. Qg3 Qf6 26. Qf3 Qh4 27. Rad1 Rf6 28. Qg3 Qa4 29. Nd4 Nxd4 30. Rxd4 Qxa2 31. Rd2 Rb6 32. Qf2 Rf6 33. Qe2 Re6 34. Qf2 Rf6 35.
Qe2 Re6 36. Qd1 Rb6 37. Rxe7 Rxb2 38. Rxb2 Qxb2 39. Rxa7 Qxc3 40. Qa1 Qc5 41. Ra8 Rxa8 42. Qxa8+ Kg7 43. Qa1+ Kg8 44. Qd1 Qf2 45. g3 Qc5 46. Bg2 h5 47. h4 Qe3 48. Kh2 Qe5 49. Qf3 Kg7 50. Qd3 Qf6 51. Bd5 Qe5 52. Kg2 Qf6 53. Qf3 Qe7 54. Kf2 Qc5+ 55. Ke2 Qc2+ 56. Kf1 Qc1+ 57. Kg2 Qc7 58. Qe3 Qd6 59. Qd4+ Kf8 60.
Qh8+ Ke7 61. Qd4 Kf8 62. Qe4 Qf6 63. Qf3 Qe7 64. Kh1 Kg7 65. Kg2 Qd7 66. Kh2 Qe7 67.
Be4 Qe5 68. Qg2 f5 69. Bf3 f4 70. g4 hxg4 71. Qxg4 Kf6 72. Kh3 Kf7 73. Qg2 Kf6 74. Qe2 Qf5+ 75. Kh2 g5 76. h5 Qc5 77. Bg4 Qe5 78. Qf3 Qe3 79. Qc6+ Kg7 80. Qg6+ Kh8 81.
Qh6+ Kg8 82. Be6+ Qxe6 83. Qxe6+ Kg7 84. Qg6+ Kh8 85. Qxg5 f3 86. h6 f2 87. Qg7# 1-0

[Event "*** Titled Tuesday Blitz"]
[Site "Chess.com"]
[Date "2021.03.02"]
[Round "5"]
[White "GigaQuparadze"]
[Black "Korchmar_Vasiliy"]
[Result "1/2-1/2"]
[WhiteElo "2956"]
[BlackElo "2630"]
[TimeControl "180+1"]
[EndTime "10:57:31 PST"]
[Termination "Game drawn - insufficient material"]

1. e4 c5 2. Nf3 d6 3. g3 Nc6 4. Bg2 Nf6 5. Nc3 e5 6. O-O Be7 7. Nd5 Nxe4 8. Nxe5 dxe5 9. Bxe4 Be6 10. Nxe7 Qxe7 11. d3 O-O 12. Re1 f6 13. Be3 Nd4 14. c3 Nf5 15. Qf3 Nxe3 16. Rxe3 Rab8 17. Bd5 Rfd8 18. Be4 Qf7 19. Qe2 b5 20. Re1 Bxa2 21. Bf5 Bd5 22. f4 exf4 23. Re7 f3 24. Qe3 Qh5 25. Qf4 Kh8 26. Bg4 Qg6 27. Bf5 Qh5 28. Bg4 Qg6 29. Bxf3 Qxd3 30. Bh5 Qc2 31. R7e2 Qd3 32. Re7 Qc2 33. R7e2 Qd3 34. b4 Qxc3 35.
Re7 Qd4+ 36. Qxd4 cxd4 37. Rxa7 d3 38. Rd1 Bc4 39. Bf3 Re8 40. Kf2 Rbc8 41. Rd2 Rcd8 42. Rc7 Rc8 43. Rd7 Rcd8 44. Rb7 Rb8 45. Ra7 h6 46.
Bc6 Red8 47. Rd7 Rxd7 48. Bxd7 Rd8 49. Bf5 Rb8 50. Ke3 Re8+ 51. Kf2 Rd8 52. Be4 Rd4 53. Ke3 Rd8 54. Bg6 Rd6 55. Rb2 Re6+ 56. Kd4 Re2 57. Rb1 d2 58. Bc2 Re1 59. Rd1 Rxd1 60. Bxd1 f5 61. Ke3 g5 62. Kxd2 Kg7 63. Ke3 Kf6 64. Kd4 Ke6 65. Bh5 Kf6 66. Be8 f4 67. gxf4 gxf4 68. Ke4 Kg5 69. Bd7 Bf1 70. h4+ Kxh4 71.
Kxf4 h5 72. Be6 Bd3 73. Bf7 Be2 74. Be6 Bf1 75. Bd5 Kh3 76. Be6+ Kh2 77. Kg5 Be2 78.
Bd7 Kg3 79. Bxb5 Bxb5 80. Kxh5 Kf4 81. Kg6 Ke4 82. Kf6 Kd4 83. Ke6 Kc4 84. Kd6 Kxb4 1/2-1/2

[Event "*** Titled Tuesday Blitz"]
[Site "Chess.com"]
[Date "2021.03.02"]
[Round "5"]
[White "Michaelson_11"]
[Black "HackingKid98"]
[Result "0-1"]
[WhiteElo "2271"]
[BlackElo "2451"]
[TimeControl "180+1"]
[EndTime "10:57:31 PST"]
[Termination "HackingKid98 won by resignation"]

1. e4 c6 2. d4 d5 3. Nd2 dxe4 4.
Nxe4 Bf5 5. Ng3 Bg6 6. Nf3 Nd7 7. h4 h6 8. h5 Bh7 9. Bd3 Bxd3 10. Qxd3 e6 11. Bd2 Ngf6 12. Ne4 Be7 13. O-O-O Qb6 14. c4 Nxe4 15. Qxe4 Qa6 16. Kb1 Qxc4 17. Bc3 Nf6 18. Qe5 O-O-O 19. Nd2 Qd3+ 20. Ka1 Rd5 21. Qe3 Qf5 22.
f3 Rhd8 23. g4 Qc2 24. Nb3 Rb5 25. Rc1 Qh7 26. Ba5 Rd7 27. Bd2 Nd5 28. Qe4 Qxe4 29. fxe4 Nf6 30. e5 Ne4 31. Be3 Bg5 32. Bxg5 Nxg5 33. Rhf1 Rbd5 34. Rf4 Kd8 35. Rcf1 Ke7 36. Nc5 Rc7 37. Nd3 b6 38. Nb4 Rd8 39. Na6 Rcd7 40.
Nb4 Rc7 41. Rc1 a5 42. Nxc6+ Rxc6 43. Rxc6 b5 44. Rb6 b4 45. Rb7+ Ke8 46. b3 Rc8 47.
Kb2 Rc6 48. Rf1 Rc8 49. Rc1 Rd8 50. Rc4 Nf3 51. Rcc7 Nxd4 52. Re7+ Kf8 53. Rxf7+ Kg8 54. Rxg7+ Kf8 55. Rh7 Kg8 56. Rbg7+ Kf8 57. Rf7+ Kg8 58. Rd7 Rxd7 59. Rxd7 Nf3 60. Ra7 Nxe5 61. Rxa5 Nxg4 62.
Rb5 e5 63. Rxb4 Nf2 64. Rb5 e4 65. Kc2 Kf7 66. Kd2 Ke6 67. Ke3 Nd1+ 68. Kd2 Nf2 69. Rb6+ Kf5 70. Rxh6 Ng4 71. Rh8 e3+ 72. Ke2 Ke4 73.
Re8+ Kd4 74. Rg8 Nf6 75. Rg5 Ne4 76. Rf5 Ng3+ 77. Kf3 Nxf5 78. b4 Kd3 79. Kf4 e2 80. Kxf5 e1=Q 81. h6 Qxb4 82. h7 Qd4 83. Kg6 Qh8 84.
a4 Kc4 85. a5 Kb5 0-1

[Event "*** Titled Tuesday Blitz"]
[Site "Chess.com"]
[Date "2021.03.02"]
[Round "5"]
[White "ram1zan"]
[Black "Vugar_Manafov"]
[Result "1/2-1/2"]
[WhiteElo "2948"]
[BlackElo "2630"]
[TimeControl "180+1"]
[EndTime "10:57:36 PST"]
[Termination "Game drawn - insufficient material"]

1. e4 Nf6 2. e5 Nd5 3. d4 d6 4. c4 Nb6 5. f4 g6 6. Nc3 Bg7 7.
Nf3 O-O 8. Be3 Nc6 9. b3 Bg4 10. Be2 f6 11. exf6 exf6 12. O-O Re8 13. Qd2 f5 14.
Bf2 Qd7 15. Rae1 Re7 16. d5 Bxf3 17. Bxf3 Rxe1 18. Rxe1 Nb4 19. Nb5 Na6 20. Nd4 Nc5 21. Ne6 Re8 22. Nxc5 dxc5 23. Bxc5 Nc8 24. Rxe8+ Qxe8 25.
Qe3 Qxe3+ 26. Bxe3 b6 27. Kf1 Nd6 28. Ke2 Kf7 29.
Kd3 Ke7 30. b4 Kd7 31. a4 Bf8 32. c5 Ne8 33. Kc4 bxc5 34. bxc5 a6 35. g4 Nf6 36. gxf5 gxf5 37. Bd4 Ne8 38. Be5 Be7 39. Bh5 Nf6 40. Bf7 Ng4 41. Be6+ Kd8 42. h3 Ne3+ 43. Kd3 Bxc5 44.
Bf6+ Ke8 45. Be5 Kd8 46. Bf6+ Ke8 47. h4 Ng2 48. Bg5 Bd6 49. Bxf5 Nxf4+ 50. Ke4 Ne2 51. Bxh7 Nc3+ 52. Kd4 Nxa4 53. Bg6+ Kf8 54. Bf6 Nc5 55. h5 Nd7 56. Bd8 Be5+ 57. Ke4 Bg7 58. Bxc7 Nf6+ 59.
Kf5 Nxd5 60. Bd6+ Kg8 61. Ke6 Nf6 62. h6 Bxh6 63. Kxf6 a5 64. Bf7+ Kh7 65. Bb3 a4 66. Bxa4 Bg7+ 67. Kf7 Bb2 68. Bc2+ Kh6 69. Ke6 Kg5 70.
Be7+ Kf4 71. Bd6+ Ke3 72. Kd5 Kd2 73. Be4 Bc3 74. Bf4+ Ke2 75. Kc4 Bb2 76. Kb3 Bh8 77. Bd6 Bg7 78. Bf5 Ke3 79. Kc4 Bf6 80. Be6 Bg7 81. Kd5 Bh8 82. Be5 Bxe5 1/2-1/2

[Event "*** Titled Tuesday Blitz"]
[Site "Chess.com"]
[Date "2021.03.02"]
[Round "5"]
[White "FLamps8"]
[Black "Gogolev_Artemy"]
[Result "1/2-1/2"]
[WhiteElo "2660"]
[BlackElo "2498"]
[TimeControl "180+1"]
[EndTime "10:57:37 PST"]
[Termination "Game drawn - insufficient material"]

1. d4 Nf6 2. Nc3 d5 3. Bf4 c6 4. e3 Qb6 5. a3 Bf5 6. Rb1 Nbd7 7. Bd3 Bxd3 8. cxd3 e6 9. Nf3 c5 10. dxc5 Bxc5 11. Na4 Qa6 12. O-O Bd6 13. Bxd6 Qxd6 14.
Qb3 b6 15. Nc3 O-O 16. Nb5 Nc5 17. Qc2 Qd7 18. Nbd4 Rfc8 19. Rfc1 Qb7 20. b4 Nce4 21. Qa4 Nd6 22. Ne5 h6 23. Rc6 Rxc6 24. Qxc6 Qxc6 25. Ndxc6 Kf8 26. a4 Ke8 27. a5 Nd7 28. Nxd7 Kxd7 29. Ne5+ Ke7 30. Rc1 Rc8 31. Rc6 f6 32. Rxc8 Nxc8 33.
Nc6+ Kd7 34. Nd4 bxa5 35. bxa5 Nd6 36. f4 e5 37. fxe5 fxe5 38. Nf3 Ke6 39. Kf2 Nb7 40. d4 e4 41. a6 Na5 42. Ne5 Kd6 43. Ke2 Nc6 44. Nf7+ Ke7 45. Nh8 Kf6 46. h4 Nb4 47. h5 Nxa6 48. Ng6 Nb4 49. Kd2 Kg5 50. Kc3 a5 51. Nf4 Kg4 52. Ne6 Kxh5 53. Nxg7+ Kg4 54. Ne6 Kg3 55. Nf4 Kf2 56. Kd2 a4 57. Kc3 Nd3 58.
Nxd5 a3 59. Kb3 Kxg2 60. Nf6 Kf3 61. d5 Kxe3 62. d6 Ne5 63. Ng4+ Nxg4 64. d7 Kf2 65.
d8=Q e3 66. Qh4+ Kf3 67. Qh3+ Kf4 68. Qg2 Ne5 69. Kxa3 Nf3 70. Kb3 e2 71. Qf2 Kg4 72. Qxe2 Kg3 73. Qe3 h5 74. Qh6 h4 75. Qg6+ Kf2 76.
Qf5 Kg3 77. Qg6+ Kf2 78. Qh5 Kg3 79. Kc3 h3 80. Qg6+ Kf2 81. Qb6+ Kg2 82. Qg6+ Kf2 83.
Kd3 h2 84. Qb6+ Kg2 85. Qb2+ Kg1 86. Qxh2+ Kxh2 1/2-1/2

[Event "*** Titled Tuesday Blitz"]
[Site "Chess.com"]
[Date "2021.03.02"]
[Round "5"]
[White "GLeruste"]
[Black "Firegrizzly"]
[Result "0-1"]
[WhiteElo "2491"]
[BlackElo "2675"]
[TimeControl "180+1"]
[EndTime "10:57:40 PST"]
[Termination "Firegrizzly won by checkmate"]

1. d4 Nf6 2. Nc3 d6 3. e4 g6 4.
Bg5 Bg7 5. e5 Nfd7 6. exd6 cxd6 7. Qd2 h6 8. Be3 Nc6 9. Nf3 Nf6 10. h3 d5 11. Be2 Ne4 12. Qc1 Nxc3 13. bxc3 Qa5 14.
Bd2 Bf5 15. O-O Qd8 16. Rb1 b6 17. Ba6 Qd7 18. Re1 Be4 19. Ne5 Nxe5 20. dxe5 Kf8 21.
Bf4 Kg8 22. Qe3 Kh7 23. Rbd1 Qa4 24. Bb7 Rad8 25. e6 f5 26. f3 Bxc2 27. Rxd5 Rxd5 28.
Bxd5 Qa5 29. Bb3 Bxb3 30. axb3 Qxc3 31. Qxc3 Bxc3 32. Rc1 Bd4+ 33. Kf1 Bc5 34. Rd1 a5 35. Rd7 Ra8 36. Bc7 Kg7 37. Be5+ Kf8 38. g4 fxg4 39. fxg4 Ke8 40. Bg7 h5 41. g5 a4 42. bxa4 Rxa4 43. Rb7 Ra8 44. Ke2 Kd8 45. Rd7+ Ke8 46. Rb7 h4 47. Kf3 Kd8 48. Rd7+ Ke8 49. Rb7 Rd8 50.
Ke4 Ra8 51. Kd5 Be3 52. Ke4 Bxg5 53. Rxb6 Bf6 54. Bxf6 exf6 55. Rb7 Ra3 56. Kd5 Rxh3 57. Rh7 Rd3+ 58. Ke4 Rh3 59. Kd5 g5 60. Rh8+ Ke7 61. Rh7+ Kd8 62. Rh8+ Ke7 63. Rh7+ Kf8 64. Rh8+ Kg7 65. e7 Re3 66. e8=Q Rxe8 67. Rxe8 h3 68. Ke4 g4 69. Kf4 f5 70. Kxf5 h2 71. Re1 g3 72.
Re7+ Kf8 73. Rh7 g2 74. Kf6 Kg8 75. Rxh2 g1=Q 76. Rh5 Qd4+ 77. Kg5 Kg7 78. Rh4 Qe3+ 79. Kg4 Kg6 80. Rh3 Qe2+ 81. Kg3 Kg5 82. Rh2 Qe1+ 83. Rf2 Qg1+ 84. Kf3 Qe1 85. Rg2+ Kf5 86. Rf2 Qc3+ 87.
Ke2+ Ke4 88. Kf1 Qd3+ 89. Kg2 Qd5 90. Kf1 Ke3 91. Re2+ Kd3 92. Rf2 Qh1# 0-1

[Event "*** Titled Tuesday Blitz"]
[Site "Chess.com"]
[Date "2021.03.02"]
[Round "5"]
[White "sergeikim"]
[Black "Gloomy_Wanderer"]
[Result "1/2-1/2"]
[WhiteElo "2522"]
[BlackElo "2692"]
[TimeControl "180+1"]
[EndTime "10:57:44 PST"]
[Termination "Game drawn by stalemate"]

1. d4 Nf6 2. c4 e6 3. Nc3 Bb4 4.
Qc2 Nc6 5. Nf3 d6 6. a3 Bxc3+ 7. Qxc3 O-O 8. g3 e5 9. d5 Nb8 10. Bg2 a5 11. b3 Nbd7 12. O-O Nc5 13. Nd2 Bf5 14. b4 axb4 15. axb4 Rxa1 16. Qxa1 Na6 17. e3 Nxb4 18. e4 Bc8 19. Nb3 b6 20. Bd2 Na6 21. Bc3 Nd7 22. f4 f6 23. Qb2 Qe7 24.
Qa3 exf4 25. gxf4 Nac5 26. Nd4 Ba6 27. Qa2 Ra8 28. Nf5 Qe8 29. Qe2 Kh8 30. Kh1 Qf7 31. Bf3 Re8 32. Rg1 Rg8 33. Bh5 Bxc4 34. Qg4 g6 35.
Nh6 Qe7 36. Nxg8 Qxe4+ 37. Qg2 Qxg2+ 38. Rxg2 Bxd5 39. Nxf6 Bxg2+ 40. Kxg2 gxh5 41. Ne8+ Kg8 42. Nxc7 Kf7 43. Kf3 Nf6 44. Bxf6 Kxf6 45. Nd5+ Kf5 46. Nxb6 Ne6 47. Nd5 Nd4+ 48. Ke3 Nc2+ 49. Kf3 Nd4+ 50. Ke3 Nc6 51. Kf3 Ke6 52. Nc7+ Kf7 53. Ke4 Ne7 54. h4 Kf6 55. Ne8+ Ke6 56. Ng7+ Kf7 57. Nxh5 Ng6 58.
Kd5 Ke7 59. f5 Nxh4 60. f6+ Kf7 61. Kxd6 Ng6 62. Kd5 Nf8 63. Ke4 Kg6 64. Nf4+ Kxf6 65.
Kf3 Kf5 66. Kg3 Ng6 67. Nh5 Kg5 68. Ng7 h6 69. Ne6+ Kf5 70. Ng7+ Kf6 71. Nh5+ Kg5 72. Ng7 Nf8 73. Ne8 Nd7 74. Nd6 Kg6 75. Ne4 Ne5 76.
Nd6 Nd3 77. Ne4 Nb4 78. Nf2 Nd5 79. Ng4 h5 80. Ne5+ Kf5 81. Nf3 Nf4 82. Nh4+ Kf6 83. Nf3 Ng6 84. Kh3 Kf5 85. Nh4+ Nxh4 86. Kxh4 Kg6 87.
Kh3 Kg5 88. Kg3 h4+ 89. Kh3 Kh5 90. Kg2 Kg4 91. Kh2 h3 92. Kh1 Kh4 93. Kg1 Kg3 94.
Kh1 h2 1/2-1/2

[Event "*** Titled Tuesday Blitz"]
[Site "Chess.com"]
[Date "2021.03.02"]
[Round "5"]
[White "Romadk"]
[Black "Pantata007"]
[Result "0-1"]
[WhiteElo "2384"]
[BlackElo "2250"]
[TimeControl "180+1"]
[EndTime "10:57:54 PST"]
[Termination "Pantata007 won by checkmate"]

1. d4 d5 2. Nf3 Nf6 3. g3 c6 4.
Bg2 Bf5 5. O-O h6 6. c4 e6 7. Nc3 Nbd7 8. Qb3 Qb6 9. c5 Qxb3 10.
axb3 a6 11. b4 O-O-O 12. Bf4 g5 13. Bc1 Bg7 14. Nd2 Bc2 15. f4 g4 16. Nd1 Ne4 17. e3 Nxd2 18. Bxd2 Nf6 19. Ra3 Ne4 20. Bc1 h5 21. Nf2 h4 22. Bxe4 Bxe4 23. Nxg4 hxg3 24. hxg3 Rdg8 25. Nf2 Bf3 26. Nh3 Be2 27. Rf2 Rxh3 28.
Rxe2 Rxg3+ 29. Kf2 Bf6 30. Ke1 Bh4 31. Kd2 Rg1 32. Rc3 f6 33. Kd3 Kd7 34. Rcc2 e5 35. dxe5 fxe5 36. fxe5 R1g5 37. Rh2 Bg3 38. Rh7+ R8g7 39.
Rxg7+ Rxg7 40. Rg2 Bxe5 41. Rf2 Ke6 42. Bd2 Bxb2 43.
e4 Be5 44. exd5+ Kxd5 45. Rf8 Rg3+ 46. Kc2 Rg7 47. Kd3 Re7 48. Rd8+ Ke6 49. Bg5 Rd7+ 50. Rxd7 Kxd7 51. Kc4 Ke6 52. Bd2 Bf6 53. Be1 Kf5 54. Bd2 Ke4 55. Bc1 Be5 56. Bg5 Bf4 57. Bd8 Ke3 58. Ba5 Ke4 59. Bd8 Be5 60. Bg5 Kf5 61.
Bd2 Bf4 62. Be1 Ke4 63. Bc3 Be5 64. Be1 Ke3 65. Bh4 Kd2 66. Bg5+ Kc2 67. Bd8 Kb2 68.
Bb6 Ka3 69. Ba5 Ka4 70. Bb6 Bg3 71. Ba5 Be1 72. Bb6 Bxb4 73. Bc7 Ba3 74. Bb6 Bc1 75. Ba7 Bg5 76. Bb6 a5 77. Bc7 Bf6 78. Bb6 Be7 79. Bc7 Bf6 80. Bb6 Bh4 81. Bc7 Be1 82. Bf4 Ka3 83. Bc1+ Ka2 84. Bf4 a4 85. Kd3 a3 86.
Kc2 Bb4 87. Be5 Bxc5 88. Bc3 Be7 89. Kc1 b5 90. Kc2 b4 91. Kc1 bxc3 92. Kc2 c5 93.
Kc1 Kb3 94. Kb1 Kc4 95. Ka2 Kd4 96. Kb1 Bf6 97. Ka2 Kd3 98. Kb1 Kd2 99. Ka2 c2 100.
Kb3 c1=Q 101. Ka2 Qb2# 0-1

[Event "*** Titled Tuesday Blitz"]
[Site "Chess.com"]
[Date "2021.03.02"]
[Round "5"]
[White "FGHSMN"]
[Black "agartha01"]
[Result "1/2-1/2"]
[WhiteElo "2670"]
[BlackElo "2516"]
[TimeControl "180+1"]
[EndTime "10:59:40 PST"]
[Termination "Game drawn - insufficient material"]

1. e4 c5 2. Nf3 e6 3. d4 cxd4 4. Nxd4 a6 5. c4 Nf6 6. Nc3 d6 7. Be2 Be7 8. Be3 O-O 9. O-O Qc7 10. Rc1 Nbd7 11. Qd2 b6 12. f3 Bb7 13. b4 Rac8 14. Nb3 d5 15. exd5 exd5 16. Nxd5 Nxd5 17. cxd5 Qd6 18.
Rfd1 Qxb4 19. Qxb4 Bxb4 20. Kf2 g6 21. Nd4 Bc5 22.
Nc6 Bxe3+ 23. Kxe3 Rfe8+ 24. Kf2 Nc5 25. Nb4 Rcd8 26.
Bc4 Rd6 27. Nd3 Nxd3+ 28. Rxd3 Rc8 29. Rdd1 Rcd8 30. Rc2 Rc8 31. Rdc1 Rcd8 32. Rd2 Rc8 33. Rcc2 Bxd5 34. Bxd5 Rxc2 35. Bxf7+ Kxf7 36. Rxc2 b5 37. Kg3 Kf6 38. Kf4 Rd4+ 39. Ke3 Rd6 40. g4 g5 41. f4 gxf4+ 42. Kxf4 Rd4+ 43. Kg3 Rd3+ 44. Kh4 b4 45. Rc6+ Kg7 46. Rxa6 Rd2 47. h3 Rd3 48. Kh5 Rxh3+ 49. Kg5 h6+ 50. Kf4 Rc3 51. Ke5 Rc4 52. Kf5 Rc5+ 53. Kf4 Rc4+ 54. Kf3 Rc3+ 55. Kf4 Rc4+ 56. Kg3 Rc3+ 57. Kh4 Rc2 58. Ra7+ Kg6 59. Ra6+ Kg7 60. Ra4 Rb2 61. Kg3 b3 62. axb3 Rxb3+ 63. Kh4 Rb7 64.
Ra6 Rc7 65. Ra5 Rd7 66. Kh5 Re7 67. Rd5 Rf7 68. Re5 Rd7 69. Rc5 Re7 70. Rd5 Rf7 71.
Rd6 Rf1 72. Rg6+ Kf7 73. Kxh6 Rh1+ 74. Kg5 Ra1 75. Rf6+ Kg7 76. Rf5 Ra4 77. Rd5 Ra6 78. Rd7+ Kg8 79. Kh5 Rb6 80. g5 Rc6 81. Re7 Rd6 82.
Kg4 Rc6 83. Kf5 Rb6 84. Rd7 Rc6 85. Ra7 Rd6 86. Ra8+ Kg7 87. Ra7+ Kg8 88. Rb7 Rc6 89. Rd7 Rb6 90. Kg4 Rc6 91. Kh5 Rb6 92. Re7 Rc6 93. Re1 Rb6 94. Rf1 Kg7 95. Ra1 Rc6 96. Ra7+ Kg8 97.
g6 Rc1 98. Ra8+ Kg7 99. Ra7+ Kg8 100. Kh6 Rh1+ 101. Kg5 Rg1+ 102. Kf6 Rf1+ 103. Ke6 Re1+ 104. Kd5 Rd1+ 105. Ke4 Re1+ 106. Kf5 Rf1+ 107. Kg5 Rg1+ 108. Kf5 Rf1+ 109. Ke4 Re1+ 110. Kf3 Rg1 111. Ra6 Kg7 112. Kf4 Rxg6 113. Ra7+ Kg8 114. Ra8+ Kg7 115. Kf5 Rf6+ 116. Kg5 Rb6 117. Ra7+ Kg8 118. Kf5 Rc6 119. Ke5 Rb6 120. Kd5 Rg6 121. Rc7 Rh6 122. Ke5 Ra6 123. Kf5 Rb6 124. Rc1 Ra6 125. Ke5 Rb6 126. Kd5 Rg6 127. Kc5 Re6 128. Rc4 Re8 129. Rd4 Rc8+ 130. Kb4 Rb8+ 131. Kc3 Rc8+ 132. Kd3 Kf7 133. Ke4 Ke7 134. Rd5 Rd8 135. Re5+ Kf6 136. Kf4 Rd4+ 137. Re4 Rxe4+ 138. Kxe4 1/2-1/2

[Event "*** Titled Tuesday Blitz"]
[Site "Chess.com"]
[Date "2021.03.02"]
[Round "6"]
[White "googlegoom"]
[Black "Trovita84"]
[Result "1-0"]
[WhiteElo "2475"]
[BlackElo "2055"]
[TimeControl "180+1"]
[EndTime "11:01:30 PST"]
[Termination "googlegoom won by resignation"]

1. Nf3 c6 2. b3 d5 3. Bb2 Bf5 4. e3 Nf6 5. Be2 Nbd7 6. O-O e6 7. d4 Bd6 8. Nbd2 O-O 9. c4 Re8 10. a3 e5 11. dxe5 Nxe5 12. cxd5 Nxd5 13. e4 Nf4 14. exf5 1-0

[Event "*** Titled Tuesday Blitz"]
[Site "Chess.com"]
[Date "2021.03.02"]
[Round "6"]
[White "Chamal_Gedgafov"]
[Black "DvaHrasta"]
[Result "0-1"]
[WhiteElo "2286"]
[BlackElo "2421"]
[TimeControl "180+1"]
[EndTime "11:01:35 PST"]
[Termination "DvaHrasta won by resignation"]

1. b3 e5 2. Bb2 Nc6 3. e3 d5 4. d4 Bd6 5. c4 dxc4 6. Bxc4 Bb4+ 7.
Kf1 exd4 8. exd4 Nf6 9. Nf3 O-O 10. Ne5 Nxe5 0-1

[Event "*** Titled Tuesday Blitz"]
[Site "Chess.com"]
[Date "2021.03.02"]
[Round "6"]
[White "ellennilssen"]
[Black "GasconJR"]
[Result "0-1"]
[WhiteElo "2258"]
[BlackElo "2449"]
[TimeControl "180+1"]
[EndTime "11:01:48 PST"]
[Termination "GasconJR won by resignation"]

1. Nf3 Nf6 2. b3 d5 3. Bb2 c5 4. e3 a6 5. c4 Nc6 6. d4 cxd4 7. Nxd4 e6 8. Be2 Bb4+ 9. Nd2 Nxd4 10. Bxd4 Ne4 11.
O-O Nxd2 12. f3 Nxf1 0-1

[Event "*** Titled Tuesday Blitz"]
[Site "Chess.com"]
[Date "2021.03.02"]
[Round "6"]
[White "NicoChasin"]
[Black "BahadirOzen"]
[Result "1/2-1/2"]
[WhiteElo "2571"]
[BlackElo "2788"]
[TimeControl "180+1"]
[EndTime "11:01:58 PST"]
[Termination "Game drawn by agreement"]

1. d4 d6 2. e4 g6 3. Nf3 Bg7 4.
c4 Bg4 5. Be2 Nd7 6. Be3 c5 7.
Nc3 Bxf3 8. Bxf3 cxd4 9. Bxd4 Bxd4 10. Qxd4 Ngf6 11. g4 Qb6 12. Qxb6 Nxb6 13. e5 dxe5 14. Bxb7 Rb8 1/2-1/2